 Dungeon Crawl Stone Soup version 0.23-a0-805-gc1268f8 (webtiles) character file.

66 Mgcat the Chopper (level 4, -4/33 HPs)
             Began as a Hill Orc Chaos Knight on Jan 20, 2019.
             Was a Plaything of Xom.
             Slain by a gnoll
             ... wielding a +0 whip
              (8 damage)
             ... on level 3 of the Dungeon.
             The game lasted 00:02:37 (745 turns).

Mgcat the Chopper (Hill Orc Chaos Knight)            Turns: 745, Time: 00:02:38

Health: -4/33      AC:  5    Str: 15    XL:     4   Next: 37%
Magic:  4/4        EV: 11    Int: 12    God:    Xom [...*..]
Gold:   12         SH:  0    Dex: 10    Spells: 3/3 levels left

rFire    . . .     SeeInvis .   a - +0 hand axe (chaos)
rCold    . . .     Gourm    .   (no shield)
rNeg     . . .     Faith    .   b - +2 leather armour
rPois    .         Spirit   .   (no helmet)
rElec    .         Reflect  .   (no cloak)
rCorr    .         Harm     .   (no gloves)
MR       .....                  (no boots)
Stlth    +.........             (no amulet)
HPRegen  0.11/turn              (no ring)
MPRegen  0.09/turn              (no ring)

@: no status effects
A: no striking features
a: Renounce Religion


You were on level 3 of the Dungeon.
You worshipped Xom.
You were a favourite toy of Xom.
You were not hungry.

You visited 1 branch of the dungeon, and saw 3 of its levels.

You collected 12 gold pieces.

Inventory:

Hand Weapons
 a - a +0 hand axe of chaos (weapon)
Armour
 b - a +2 leather armour (worn)
 e - a +0 scale mail
   (You found it on level 1 of the Dungeon)
 l - a +0 plate armour
   (You found it on level 2 of the Dungeon)
Scrolls
 d - 2 scrolls of identify {unknown}
 i - a scroll of amnesia {unknown}
 j - a scroll of teleportation {unknown}
 k - a scroll of noise {unknown}
 m - a scroll of blinking {unknown}
 n - a scroll of remove curse {unknown}
Potions
 g - a potion of curing {unknown}
 h - a potion of degeneration {unknown}
Comestibles
 c - 3 rations
 f - 3 chunks of flesh {@w0}


   Skills:
 + Level 4.3 Fighting
 + Level 4.7 Axes
 + Level 3.0 Armour
 + Level 1.6 Dodging


You had 3 spell levels left.
You didn't know any spells.
Your spell library was empty.

Dungeon Overview and Level Annotations

Branches:
Dungeon (3/15)

Altars:
Xom


Message History

A gnoll comes into view. It is wielding a +0 whip.
Danger x4: gnoll x4!
Unknown command.
Unknown command.
Unknown command.
Spoiler Alert: The gnoll can hit for moderate damage in melee, and throws nets!
Unknown command.
You barely miss the gnoll. The gnoll hits you but does no damage.
Unknown command.
You hit the gnoll. You burn the gnoll.
The gnoll is heavily wounded.
The gnoll hits you with a +0 spear.
You take 6 damage, and have 21/27 hp.
MASSIVE DAMAGE!!
Warning x2: The gnoll can hit for moderate damage in melee, and throws nets! x2
Unknown command.
Okay, then.
You hit the gnoll but do no damage.
The gnoll is heavily wounded.
The gnoll barely misses you.
Unknown command.
Warning x2: The gnoll can hit for moderate damage in melee, and throws nets! x2
You barely miss the gnoll.
The gnoll is heavily wounded.
The gnoll throws a throwing net.
The throwing net misses you.
Unknown command.
Unknown command.
You hit the gnoll but do no damage.
The gnoll is heavily wounded.
The gnoll misses you.
Warning x2: The gnoll can hit for moderate damage in melee, and throws nets! x2
Unknown command.
Unknown command.
You slash the gnoll! You burn the gnoll.
The gnoll is severely wounded.
Your leather armour prevents you from hitting the gnoll.
The gnoll closely misses you. The gnoll barely misses you.
Warning x3: The gnoll can hit for moderate damage in melee, and throws nets! x3
Unknown command.
Unknown command.
You barely miss the gnoll.
The gnoll is severely wounded.
You hit the gnoll but do no damage.
The gnoll seems to slow down.
The gnoll hits you with a cursed -2 halberd.
A shower of butterflies erupts from you!
The gnoll hits you with a +0 spear.
You take 10 damage, and have 11/27 hp.
MASSIVE DAMAGE!!
Warning x3: The gnoll can hit for moderate damage in melee, and throws nets! x3
Unknown command.
Unknown command.
Unknown command.
Unknown command.
Unknown command.
You slash the gnoll!
You kill the gnoll!
You hit the gnoll but do no damage.
The gnoll hits you but does no damage. x2
Warning x2: The gnoll can hit for moderate damage in melee, and throws nets! x2
Unknown command.
Unknown command.
Unknown command.
You hit the gnoll. You freeze the gnoll.
You kill the gnoll!
You have reached level 4!
You hit the gnoll.
The gnoll is poisoned.
The gnoll closely misses you.
You regained 3 hp, and now have 14/33 hp.
MP restored: 4 Warning x2: The gnoll can hit for moderate damage in melee, and throws nets! x2
Unknown command.
Unknown command.
Unknown command.
Unknown command.
Unknown command.
You hit the gnoll. You burn the gnoll.
The gnoll is moderately wounded.
The gnoll hits you with a +0 whip.
You take 4 damage, and have 10/33 hp.
Spoiler Alert: The gnoll can hit for moderate damage in melee, and throws nets!
Unknown command.
Unknown command.
Unknown command.
You barely miss the gnoll.
The gnoll is heavily wounded.
The gnoll hits your butterfly with a +0 whip!
Your butterfly dies!
Warning x2: The gnoll can hit for moderate damage in melee, and throws nets! x2
Unknown command.
Unknown command.
You hit the gnoll.
You kill the gnoll!
Your Armour skill increases to level 3!
Unknown command.
Spoiler Alert: The gnoll can hit for moderate damage in melee, and throws nets!
Unknown command.
Your leather armour prevents you from hitting the gnoll.
The gnoll hits you with a +0 whip!
* * * LOW HITPOINT WARNING * * *
You take 7 damage, and have 4/33 hp.
MASSIVE DAMAGE!!
Unknown command.
Spoiler Alert: The gnoll can hit for moderate damage in melee, and throws nets!
You barely miss the gnoll. The gnoll hits you with a +0 whip!
You die...

,
*,,,,,,***************
*,,, *, ***, ,,,*
****,* ,,,,,, ,,* * ,
,, ,,, ,*****
******,,,,,, , ,,,* * ,
,,,,,,, ,,,, *
########g,,, ** *,
,,,,,*
#...g.gg.,,,,,,,,** ,,
,,* ######g#### *,,,,,*
,* ***** * #.....)@..#
*,,,,,* *,* ,,,,,,*
#.........# * ,,,* *,**
,,,,, * #.......(.#
******* ,*, , ,,,**
######b##### ,*,
,,,,,,+ ,,,*#.......# *
* ,, ,,,**** *#.......#
*,* ,,,,,*
,*#.......#*********,*,
,,, ,* *,*#รท......#*
,, , ,,,, ,,,,,*
*,*#.......#*,,, ,,,,
,*


You could see a gnoll.

Vanquished Creatures
  3 gnolls (D:3)
  An adder (D:2)
  An ooze (D:1)
  3 bats (D:1)
  A hobgoblin (D:1)
  3 jackals (D:2)
  4 kobolds
  3 frilled lizards (D:2)
  3 goblins
  5 rats
27 creatures vanquished.

Notes
Turn   | Place    | Note
-------+----------+-------------------------------------------
     0 | D:1      | Mgcat the Hill Orc Chaos Knight began the quest for the
                  | Orb.
     0 | D:1      | Reached XP level 1. HP: 16/16 MP: 1/1
     3 | D:1      | Noticed an electric eel
     3 | D:1      | Noticed an electric eel
    19 | D:1      | Reached skill level 1 in Dodging
    19 | D:1      | Reached XP level 2. HP: 22/22 MP: 2/2
   225 | D:1      | XOM: harmless Tmut miscast
   360 | D:2      | Found a shimmering altar of Xom.
   370 | D:2      | Reached skill level 4 in Fighting
   370 | D:2      | Reached XP level 3. HP: 19/27 MP: 3/3
   496 | D:2      | XOM: silly message
   543 | D:2      | XOM: silly message
   654 | D:2      | XOM: polymorph adder -> rat
   726 | D:3      | XOM: divination: magic mapping
   738 | D:3      | XOM: butterfly on damage
   740 | D:3      | Reached XP level 4. HP: 14/33 MP: 4/4
   743 | D:3      | Reached skill level 3 in Armour
   744 | D:3      | HP: 4/33 [gnoll/+0 whip (7)]
   745 | D:3      | Slain by a gnoll

Vault maps used:
D:1:      arrival_aquarium_b
D:2:      lemuel_round_altar
D:3:      uniq_purgy, uniq_grinder

Skill      XL: |  1  2  3  4 |
---------------+-------------+-----
Dodging        | 1 |  1.6
Fighting       | 4 |  4.3
Armour         | 3 |  3.0
Axes           | |  4.7

Action                   |  1- 3 |  4- 6 || total
-------------------------+-------+-------++-------
Melee: Hand axe          |    87 |     5 ||    92
 Stab: Confused          |     1 |       ||     1
Armor: Leather armour    |    33 |       ||    33
Dodge: Dodged            |    48 |     1 ||    49

Table legend:
 A = Non-vault XP
 B = Vault XP
 C = Vault XP percentage of total XP
 D = Non-vault monster count
 E = Vault monster count
 F = Vault count percentage of total count
                 A         B        C        D         E       F
            +---------+---------+-------+---------+---------+-------
      Total |      95 |       0 |   0.0 |      27 |       0 |   0.0
            +---------+---------+-------+---------+---------+-------
        D:1 |      22 |       0 |   0.0 |      10 |       0 |   0.0
        D:2 |      30 |       0 |   0.0 |      13 |       0 |   0.0
        D:3 |      43 |       0 |   0.0 |       4 |       0 |   0.0
            +---------+---------+-------+---------+---------+-------

Vault maps used:
D:1:      arrival_aquarium_b
D:2:      lemuel_round_altar
D:3:      uniq_purgy, uniq_grinder

Table legend:
 A = Turns spent in this place as a percentage of turns spent in the entire game.
 B = Non-inter-level travel turns spent in this place as a percentage of non-inter-level travel turns spent in the entire game.
 C = Inter-level travel turns spent in this place as a percentage of turns spent in this place.
 D = Turns resting spent in this place as a percentage of non-inter-level travel turns spent in this place.
 E = Turns spent auto-exploring this place as a percentage of non-inter-level travel turns spent in this place.
 F = Non-inter-level travel turns spent in this place divided by the number of levels of this place that you've seen.
                   A       B       C       D       E      F
               +-------+-------+-------+-------+-------+----------------------
         Total | 100.0 | 100.0 |   2.4 |   0.0 |  64.4 | 242.3
       Dungeon | 100.0 | 100.0 |   2.4 |   0.0 |  64.4 | 242.3
               +-------+-------+-------+-------+-------+----------------------

Table legend:
 A = Kills in this place as a percentage of kills in entire the game.
 B = Kills by you in this place as a percentage of kills by you in the entire game.
 C = Kills by friends in this place as a percentage of kills by friends in the entire game.
 D = Other kills in this place as a percentage of other kills in the entire game.
 E = Experience gained in this place as a percentage of experience gained in the entire game.
 F = Experience gained in this place divided by the number of levels of this place that you have seen.
                   A       B       C       D       E      F
               +-------+-------+-------+-------+-------+----------------------
         Total | 100.0 | 100.0 |   N/A |   N/A | 100.0 |  31.7
       Dungeon | 100.0 | 100.0 |   N/A |   N/A | 100.0 |  31.7
               +-------+-------+-------+-------+-------+----------------------
